 Dungeon Crawl Stone Soup version 0.20-a0-268-gb6bde61 (webtiles) character file.

324 Ezendos the Magician (level 6, -5/36 HPs)
             Began as an Octopode Wizard on Dec 7, 2016.
             Slain by Sigmund
             ... wielding a +0 scythe
              (15 damage)
             ... on level 4 of the Dungeon.
             The game lasted 00:17:40 (4442 turns).

Ezendos the Magician (Octopode Wizard)              Turns: 4442, Time: 00:17:40

Health: -5/36      AC:  1    Str:  6    XL:     6   Next: 48%
Magic:  9/13       EV: 13    Int: 23    God:
Gold:   133        SH:  0    Dex: 10    Spells: 1/14 levels left

rFire  . . .     SeeInvis .     m - +0 whip (venom)
rCold  . . .     Gourm    .     (no shield)
rNeg   . . .     Faith    .     a - +0 hat
rPois  .         Spirit   .     (no amulet)
rElec  .         Reflect  .     (no ring)
rCorr  .         Harm     .     (no ring)
MR     .....                    (no ring)
Stlth  +++.......               (no ring)
                                (no ring)
                                (no ring)
                                (no ring)
                                (no ring)

@: no status effects
A: almost no armour, stealthy swim, amphibious, 8 rings, constrict 8, camouflage
1, gelatinous body 1
a: no special abilities


You were on level 4 of the Dungeon.
You were full.

You visited 1 branch of the dungeon, and saw 4 of its levels.

You collected 133 gold pieces.

Inventory:

Hand Weapons
 m - a +0 whip of venom (weapon)
Armour
 a - a +0 hat (worn)
Jewellery
 o - an uncursed ring of poison resistance {unknown}
Scrolls
 d - 2 scrolls of magic mapping {unknown}
 f - a scroll of noise {unknown}
 i - 2 scrolls of remove curse
 j - a scroll of enchant weapon {unknown}
 n - a scroll of teleportation {unknown}
 p - a scroll of fog {unknown}
 s - a scroll of identify
 u - a scroll of amnesia {unknown}
Potions
 e - a potion of agility
 g - 3 potions of curing
 k - a potion of mutation
 q - a potion of berserk rage {unknown}
 r - a potion of magic {unknown}
 t - a potion of might {unknown}
Books
 b - a book of Minor Magic

   Spells                             Type                      Level
   a - Magic Dart                     Conjuration                  1
   b - Blink                          Translocation                2
   c - Call Imp                       Summoning                    2
   d - Repel Missiles                 Charms/Air                   2
   e - Slow                           Hexes                        2
   f - Conjure Flame                  Conjuration/Fire             3
   g - Mephitic Cloud                 Conjuration/Poison/Air       3
Comestibles
 c - 3 bread rations


   Skills:
 - Level 2.0 Dodging
 - Level 2.6 Stealth
 + Level 4.6 Spellcasting
 + Level 3.5 Conjurations
 * Level 3.4 Summonings
 - Level 1.0 Translocations


You had one spell level left.
You knew the following spells:

 Your Spells              Type           Power        Failure   Level  Hunger
a - Magic Dart            Conj           ###.         2%          1    None
b - Blink                 Tloc           N/A          12%         2    None
c - Call Imp              Summ           ###.....     3%          2    None
d - Mephitic Cloud        Conj/Pois/Air  ##......     21%         3    ##.....
e - Slow                  Hex            #.......     17%         2    None
f - Conjure Flame         Conj/Fire      ##......     17%         3    ##.....


Dungeon Overview and Level Annotations

Branches:
Dungeon (4/15)
 Temple: D:4-7

Altars:
Ashenzari
Cheibriados
Kikubaaqudgha

Shops:
D:4 %

Annotations:
D:4 Sigmund


Innate Abilities, Weirdness & Mutations

You cannot wear most types of armour.
You are very stealthy in the water. (Stealth+)
You are amphibious.
You can wear up to eight rings at the same time.
You can use your tentacles to constrict eight enemies at once.
Your skin changes colour to match your surroundings (Stealth+).
Your rubbery body absorbs attacks. (AC +1, EV +1)


Message History

You barely miss the jackal. Your grab misses the jackal.
You squeeze the jackal.
The jackal is severely wounded.
The jackal barely misses you. Something hits you!
Deactivating autopickup; reactivate with Ctrl-A.
You swap places.
The jackal barely misses your iron imp.
The jackal bites your iron imp but does no damage.
Your iron imp closely misses the jackal.
The jackal barely misses your iron imp. The jackal barely misses your iron imp.
Your iron imp hits the jackal!
The jackal dies!
Something closely misses your iron imp.
Things that are here:
2 tomahawks; a war axe A magic dart appears from out of thin air!
The magic dart hits your iron imp. Something hits you.
* * * LOW HITPOINT WARNING * * *
Something hits you!
You die...

..#.#.########.# #.#.#.# #.# #..
#.#.#.########.# #.#
#'#.#.#........# #.###
....#.#.#################.#..
....#.#.....#...........#.#.###
....#.#####.#.#########.#.#.#.#
....#.#.......#########.#.#.#.#
...............5@..........h.h#
#.#.#.#.#.#...#5#####.###.#.#....
#...#.#.#......{.<†.........#....
#...#.#.#.####.######.#####+#.#..
#................ ...# .#.#
#.....########.#.#.##.# .. .
#...### .. # #.#.# #.# .# #...#
.#.# #.# # #.# ..
#...####.#.###.# ..#


You could see a friendly iron imp and a friendly white imp.

Vanquished Creatures
  An ogre (D:4)
  An orc priest (D:4)
  Jessica (D:2)
  An orc wizard (D:3)
  A worker ant (D:4)
  3 adders
  3 worms
  6 dart slugs
  3 leopard geckos
  5 orcs
  2 giant cockroaches
  19 goblins
  5 hobgoblins
  A jackal (D:4)
  A quokka (D:3)
  A ball python (D:3)
  11 bats
  7 frilled lizards
  11 kobolds
  6 rats
89 creatures vanquished.

Vanquished Creatures (collateral kills)
  Robin (D:3)
  An adder (D:3)
  A goblin (D:2)
  A hobgoblin (D:3)
  2 jackals (D:4)
6 creatures vanquished.

Grand Total: 95 creatures vanquished

Notes
Turn   | Place    | Note
-------+----------+-------------------------------------------
     0 | D:1      | Ezendos the Octopode Wizard began the quest for the Orb.
     0 | D:1      | Reached XP level 1. HP: 11/11 MP: 4/4
   274 | D:1      | Reached XP level 2. HP: 17/17 MP: 3/6
   534 | D:1      | Found a shattered altar of Ashenzari.
   827 | D:1      | Reached XP level 3. HP: 21/21 MP: 5/8
  1264 | D:2      | Found an ancient bone altar of Kikubaaqudgha.
  1503 | D:2      | Noticed Jessica
  1508 | D:2      | Killed Jessica
  1508 | D:2      | Reached skill level 4 in Spellcasting
  1508 | D:2      | Reached XP level 4. HP: 19/27 MP: 0/10
  1541 | D:2      | Found a snail-covered altar of Cheibriados.
  1606 | D:2      | Learned a level 2 spell: Blink
  1609 | D:2      | Learned a level 2 spell: Call Imp
  1613 | D:2      | Learned a level 3 spell: Mephitic Cloud
  1616 | D:2      | Learned a level 2 spell: Slow
  2236 | D:3      | Noticed Robin
  2567 | D:2      | Reached XP level 5. HP: 29/31 MP: 11/11
  2955 | D:4      | Noticed Sigmund
  3123 | D:3      | Killed Robin
  3567 | D:4      | Noticed an ogre
  3568 | D:4      | Found Xeisorghu's Food Boutique.
  3772 | D:4      | Reached XP level 6. HP: 15/36 MP: 0/12
  3944 | D:4      | Learned a level 3 spell: Conjure Flame
  4442 | D:4      | Slain by Sigmund

Vault maps used:
D:1:      dpeg_arrival_renting, serial_park_tiny_pond, minmay_door_square,
          evilmike_ruin_ashenzari
D:2:      kennysheep_slug_shrine, lemuel_crystal_altar, uniq_jessica
D:3:      uniq_robin
D:4:      lemuel_doored_altar, serial_shops, nicolae_shop_behind_doors,
          first_bread, uniq_sigmund, uniq_grinder

Skill      XL: |  1  2  3  4  5 |
---------------+----------------+-----
Conjurations   | 2 3 |  3.5
Spellcasting   | 4 |  4.6
Summonings     | 3 |  3.4
Dodging        | |  2.0
Stealth        | |  2.6
Translocations | |  1.0

Action                   |  1- 3 |  4- 6 || total
-------------------------+-------+-------++-------
Melee: Unarmed           |    13 |       ||    13
       Constrict         |     8 |    17 ||    25
       Spear             |     8 |     1 ||     9
       Tentacles         |     5 |     9 ||    14
       Whip              |       |    60 ||    60
 Cast: Magic Dart        |    79 |    88 ||   167
       Call Imp          |       |    21 ||    21
       Mephitic Cloud    |       |     4 ||     4
  Use: Scroll            |     5 |     3 ||     8
 Stab: Sleeping          |       |     4 ||     4
  Eat: Chunk             |     2 |     8 ||    10
       Meat ration       |       |     1 ||     1
Armor: Skin              |     6 |     3 ||     9
Dodge: Dodged            |    21 |    69 ||    90
